 Dungeon Crawl Stone Soup version 0.31-a0-826-ga5cc291a1b (webtiles) character file.

Game seed: 2106103909691271230

52 qw the Shooter (level 3, 0/23 HPs)
             Began as a Gargoyle Hunter on Sept 23, 2023.
             Slain by an orc wizard
             ... wielding a +0 dagger
              (1 damage)
             ... on level 2 of the Dungeon.
             The game lasted 00:00:29 (1631 turns).

qw the Shooter (Gargoyle Hunter)                    Turns: 1631, Time: 00:00:29

Health: 0/23       AC:  8    Str: 14    XL:     3   Next: 85%
Magic:  3/3        EV: 10    Int:  9    God:
Gold:   113        SH:  0    Dex: 15    Spells: 2/2 levels left

rFire   . . .        Y - +1 shortbow
rCold   . . .        (shield currently unavailable)
rNeg    + . .        a - +0 ring mail
rPois   inf          (no helmet)
rElec   +            (no cloak)
rCorr   .            (no gloves)
SInv    .            (no boots)
Will    .....        (no amulet)
Stlth   +            (no ring)
HPRegen 0.23/turn    (no ring)
MPRegen 0.08/turn

%: no passive effects
@: no status effects
A: sickness immunity, AC +3, negative energy resistance 1, electricity
resistance, torment resistance 1, petrification resistance
a: no special abilities


You were on level 2 of the Dungeon.
You visited 1 branch of the dungeon, and saw 3 of its levels.

You collected 113 gold pieces.


Innate Abilities, Weirdness & Mutations

You are immune to sickness and miasma.
Your stone body is resilient. (AC +3)
You are immune to poison.
You resist negative energy. (rN+)
You are resistant to electric shocks. (rElec)
You are resistant to unholy torment.
You are immune to petrification.


   Skills:
 - Level 3.0 Fighting
 - Level 5.0 Ranged Weapons
 + Level 0.0 Armour
 - Level 1.5 Dodging
 - Level 1.1 Stealth


You had 2 spell levels left.
You didn't know any spells.
Your spell library was empty.

Inventory:

Hand Weapons
 Y - a +1 shortbow (weapon)
Armour
 a - a +0 ring mail (worn)
Potions
 e - a potion of brilliance {unknown}
 f - a potion of heal wounds {unknown}
 h - a potion of curing {unknown}

Dungeon Overview and Level Annotations

Branches:
Dungeon (3/15)

Altars:

Shops:
D:2 (:*

Annotations:
D:2 1 runed translucent door, Crazy Yiuf


Message History

You feel attractive to monsters.
Could not explore, unopened runed door.
1589 ||| DROPPING potion of attraction.
You drop a potion of attraction.
Crazy Yiuf screams, "Whippet!"
Could not explore, unopened runed door.
What level of the Dungeon? (default 2, ? - help) Crazy Yiuf cries, "Mountain!"
You feel less attractive to monsters.
There is a stone staircase leading down here.
You climb downwards.
The orc shouts!
You hear a shout!
The orc shouts!
You hear a shout!
Found 9 gold pieces.
There is a stone staircase leading up here.
There are monsters nearby!
Waypoint 2 assigned to D:3.
You shoot an arrow. The arrow hits the orc wizard.
The orc wizard is moderately wounded.
An orc comes into view. It is wielding a +0 war axe.
1627 |||
Found retreat position at 2,-2 (floor) with 0 blocking monsters and 3 monsters attacking at destination at distance 2
1627 ||| STAIRDANCE The orc wizard hits you but does no damage.
The orc barely misses you.
You climb upwards.
Level annotation: 1 runed translucent door, Crazy Yiuf
There is a stone staircase leading down here.
You shoot an arrow.
The arrow closely misses the orc wizard.
The orc hits you with a +0 flail. The orc wizard casts a spell at you.
The puff of flame hits you!
You shoot an arrow. The arrow hits the orc wizard.
The orc wizard is moderately wounded.
The orc completely misses you.
The orc wizard hits you but does no damage.
You shoot an arrow.
The arrow closely misses the orc wizard.
The orc closely misses you.
The orc wizard hits you with a +0 dagger.
The orc hits you with a +0 flail.
The orc wizard hits you with a +0 dagger.
You die...

###..#### ##..###
##...# ###'#
########### ###..
#.........# #....
#.#######.#####%.\
#o# #.##..'...
#@#######.##.###..
#o##.......#.###.#
#.##.####.....[###
#.##.## #.###### #
#.#...###.########
#.............)...
###...####<#######
##.#####.#######
#...........>..


You could see an orc wizard and an orc.

Vanquished Creatures
  An adder (D:2)
  A dart slug (D:2)
  A bat (D:2)
  5 endoplasms
  3 giant cockroaches (D:2)
  2 goblins
  2 hobgoblins
  6 jackals
  2 kobolds (D:1)
  2 quokkas
  7 ball pythons
  A frilled lizard (D:1)
33 creatures vanquished.

Notes
Turn   | Place    | Note
-------+----------+-------------------------------------------
     0 | D:1      | qw the Gargoyle Hunter began the quest for the Orb.
     0 | D:1      | Reached XP level 1. HP: 12/12 MP: 1/1
     0 | D:1      | 0 ||| qw: Version: 0.3-a-83-gcd0e7d8
     0 | D:1      | 0 ||| qw: Game counter: 1827
     0 | D:1      | 0 ||| qw: Melee chars always use a shield: true
     0 | D:1      | 0 ||| qw: God list: Okawaru
     0 | D:1      | 0 ||| qw: Allow faded altars: false
     0 | D:1      | 0 ||| qw: Do Orc after clearing Dungeon:15 true
     0 | D:1      | 0 ||| qw: Do second Lair branch before Depths: true
     0 | D:1      | 0 ||| qw: Lair rune preference: random
     0 | D:1      | 0 ||| qw: Goals: Normal
     0 | D:1      | 0 ||| PLANNING D:1-11
   339 | D:1      | Reached XP level 2. HP: 17/17 MP: 2/2
   616 | D:1      | 616 ||| DROPPING +6 ring of intelligence.
   617 | D:1      | 617 ||| READING scroll labelled ROTENE BURPHO.
   620 | D:1      | 620 ||| READING scroll labelled YNAOXT SOGO.
   621 | D:1      | 621 ||| READING scroll labelled SEYGRE IZ BASU.
   622 | D:1      | 622 ||| READING scroll labelled CIEGOR URANG.
   623 | D:1      | 623 ||| DROPPING scroll of butterflies.
   646 | D:2      | 646 ||| STAIRDANCE
   662 | D:2      | HP: 4/17 [jackal (1)]
   666 | D:2      | Reached skill level 5 in Ranged Weapons
   666 | D:2      | Reached XP level 3. HP: 6/21 MP: 3/3
   667 | D:2      | HP: 3/21 [jackal (3)]
   671 | D:2      | 671 ||| STAIRDANCE
   834 | D:2      | Found Ramioqoodd's Book Emporium.
   917 | D:2      | Found a faded altar of an unknown god.
  1014 | D:2      | Found Aschaysi's General Store.
  1110 | D:2      | Found Leceoqa's Weapon Boutique.
  1112 | D:2      | Reached skill level 3 in Fighting
  1237 | D:2      | Found a runed translucent door.
  1238 | D:2      | Noticed Crazy Yiuf
  1576 | D:2      | 1576 ||| UPGRADING to +0 ring mail.
  1586 | D:2      | 1586 ||| DROPPING +0 leather armour.
  1587 | D:2      | 1587 ||| READING scroll labelled WARACZ VIKHY.
  1588 | D:2      | 1588 ||| DRINKING 2 blue potions.
  1589 | D:2      | 1589 ||| DROPPING potion of attraction.
  1627 | D:3      | 1627 ||| STAIRDANCE
  1631 | D:2      | HP: 1/23 [orc/+0 flail (5)]
  1631 | D:2      | Slain by an orc wizard

Levels and vault maps discovered:
D:1:      dpeg_arrival_simpleton_c, layout_loops_ring
D:2:      layout_loops_ring, hellmonk_ecumenical_altar_lost_god, serial_shops,
          nicolae_shop_advertising_works [nicolae_subvault_shop_adworks],
          nicolae_shop_rolling_square, shop, uniq_crazy_yiuf_cottage
D:3:      layout_basic, mainiacjoe_overflow_alcove_1, kennysheep_small_spiral

Skill      XL: |  1  2  3 |
---------------+----------+-----
Ranged Weapons | 5 |  5.0
Fighting       | 3 |  3.0
Dodging        | |  1.5
Stealth        | |  1.1

Action                     || total
---------------------------++-------
   Fire: Shortbow          ||    98
    Use: Scroll            ||     5
         Potion            ||     1
 Armour: Leather armour    ||    53
         Ring mail         ||     7
  Dodge: Dodged            ||    59

Table legend:
 A = Non-vault XP
 B = Vault XP
 C = Vault XP percentage of total XP
 D = Non-vault monster count
 E = Vault monster count
 F = Vault count percentage of total count
                 A         B        C        D         E       F
            +---------+---------+-------+---------+---------+-------
      Total |      75 |       0 |   0.0 |      33 |       0 |   0.0
            +---------+---------+-------+---------+---------+-------
        D:1 |      27 |       0 |   0.0 |      15 |       0 |   0.0
        D:2 |      48 |       0 |   0.0 |      18 |       0 |   0.0
            +---------+---------+-------+---------+---------+-------
